cohdb
Replays
Latest Replays
All Replays
Popular Replays
Top Player Replays
Match Explorer
How It Works
Community
CoH3 Stats
Reddit
Sign in to upload your games and track your stats! →
Sign in with Steam
Match 46928918
Unlisted
Match 46928918
Overview
Messages
Build Orders
End
Kradschützen Motorcycle Team
Kradschützen Motorcycle Team
Selects Panzerjäger Kommand Battlegroup
Selects Panzerjäger Kommand Battlegroup
Selects Mine Fields
250 Light Carrier
Construct Light Support Kompanie
Assault Grenadier Squad
MG34 Team
Fire Support Elements
Selects Defensive Positions
Panzerjäger Squad
Flakvierling Half-track
Construct Mechanized Kompanie
Vehicle Survival Package
Selects Tank Busters
Willaguy
Evilstealer
0
0
Comments
sign in to comment!
No comments posted yet!